 Dungeon Crawl Stone Soup version 0.31-a0-152-g6aa68a64a1 (webtiles) character file.

Game seed: 12904756107283936105

32 zazu2006 the Protected (level 3, -1/31 HPs)
             Began as a Gnoll Wanderer on June 11, 2023.
             Slain by Terence
             ... wielding a +0 flail
              (9 damage)
             ... on level 1 of the Dungeon.
             The game lasted 00:01:59 (1313 turns).

zazu2006 the Protected (Gnoll Wanderer)             Turns: 1313, Time: 00:01:59

Health: -1/31      AC:  8    Str: 11    XL:     3   Next: 27%
Magic:  4/4        EV:  9    Int: 11    God:
Gold:   76         SH:  0    Dex: 13    Spells: 3/3 levels left

rFire   . . .        a - +0 trident
rCold   . . .        (no shield)
rNeg    . . .        c - +0 scale mail
rPois   .            (no helmet)
rElec   .            (no cloak)
rCorr   .            (no gloves)
SInv    .            (no boots)
Will    .....        (no amulet) Stlth
                     (no ring)
HPRegen 0.25/turn    (no ring)
MPRegen 0.09/turn

%: no passive effects
@: no status effects
A: fangs 1, strong nose, distributed training
a: no special abilities


You were on level 1 of the Dungeon.
You visited 1 branch of the dungeon, and saw 2 of its levels.

You collected 76 gold pieces.

Inventory:

Hand Weapons
 a - a +0 trident (weapon)
 b - a +0 falchion
Armour
 c - a +0 scale mail (worn)
Jewellery
 i - a +6 ring of strength
Scrolls
 d - a scroll of fog
 e - a scroll of blinking {unknown}
 f - a scroll of enchant armour {unknown}
 h - a scroll of teleportation {unknown}
 j - a scroll of identify {unknown}
 l - a scroll of immolation {unknown}
Potions
 g - 2 potions of curing {unknown}
 k - a potion of degeneration {unknown}


   Skills:
 + Level 4.5 Fighting
 + Level 0.7 Short Blades
 + Level 2.6 Long Blades
 + Level 0.7 Axes
 + Level 0.7 Maces & Flails
 + Level 4.5 Polearms
 + Level 0.7 Staves
 + Level 0.7 Ranged Weapons
 + Level 0.7 Throwing
 + Level 10.4 Armour
 + Level 0.7 Dodging
 + Level 0.7 Stealth
 + Level 0.7 Shields
 + Level 0.7 Unarmed Combat
 + Level 0.7 Spellcasting
 + Level 0.5 Conjurations
 + Level 0.5 Hexes
 + Level 0.5 Summonings
 + Level 0.5 Necromancy
 + Level 0.5 Translocations
 + Level 0.5 Transmutations
 + Level 0.5 Fire Magic
 + Level 0.5 Ice Magic
 + Level 0.5 Air Magic
 + Level 0.5 Earth Magic
 + Level 0.5 Poison Magic
 + Level 0.9 Invocations
 + Level 0.7 Evocations


You had 3 spell levels left.
You didn't know any spells.
Your spell library contained the following spells:

 Spells                   Type           Power      Damage    Failure   Level
 Cigotuvi's Dreadful Rot  Necr/Pois/Air  2%         N/A       86%         2
 Ignite Poison            Fire/Tmut/Pois 1%         N/A       97%         3
 Freezing Cloud           Conj/Ice/Air   0%         6-21      100%        5


Dungeon Overview and Level Annotations

Branches:
Dungeon (2/15)

Altars:

Annotations:
D:1 Terence
D:2 1 runed translucent door, Crazy Yiuf


Innate Abilities, Weirdness & Mutations

You have very sharp teeth.
Your uncanny sense of smell can sniff out nearby items.
Your experience applies equally to all skills.


Message History

You see here a frilled lizard corpse.
An adder comes into view.
You see here a scroll labelled UMETIO NY OJAFIE.
There is a stone staircase leading up here.
Terence hits you with a +0 flail.
You climb upwards.
There is a stone staircase leading down here.
You hit Terence but do no damage. Your punch misses Terence.
Terence hits you with a +0 flail.
You hit Terence. Your bite misses Terence.
Terence is moderately wounded.
Terence hits you with a +0 flail. Terence misses you.
You hit Terence.
Terence is moderately wounded.
Terence hits you but does no damage.
You hit Terence but do no damage.
Terence is moderately wounded.
Terence hits you with a +0 flail.
You hit Terence.
Terence is severely wounded.
Terence hits you with a +0 flail.
You barely miss Terence.
Terence is severely wounded.
Terence hits you with a +0 flail.
You hit Terence but do no damage.
Terence is severely wounded.
Terence hits you with a +0 flail.
* * * LOW HITPOINT WARNING * * *
You barely miss Terence.
Terence is severely wounded.
Terence hits you but does no damage.
You hit Terence. You bite Terence, but do no damage.
Terence is almost dead.
Terence shouts, "Get ready for death!"
Terence hits you with a +0 flail.
* * * LOW HITPOINT WARNING * * *
You barely miss Terence.
Terence is almost dead.
Terence hits you with a +0 flail!
You die...

#.#.##.########..# #.#.#
##.#........####..###.#.#
#.........)...........#.#
#....##.###.............#
.>...##...........#######
.......#########(##
..(....# #.# .......# #.#
....#### #@# #...# #@#
#...############.#
##...............##
#.############...######
##.# #.....)..# >..#
#...####.# .### #.### #.#
.##############.## #.#


You could see Terence.

Vanquished Creatures
  5 ball pythons
  2 bats (D:1)
  3 endoplasms
  2 giant cockroaches (D:1)
  2 goblins (D:1)
  3 hobgoblins
  3 quokkas
  4 frilled lizards
  3 kobolds (D:1)
  2 rats
29 creatures vanquished.

Notes
Turn   | Place    | Note
-------+----------+-------------------------------------------
     0 | D:1      | Reached skill level 10 in Armour
     0 | D:1      | zazu2006 the Gnoll Wanderer began the quest for the Orb.
     0 | D:1      | zazu2006 set off with the following items: a +0 trident, a
                  | +0 falchion, a +0 scale mail, a scroll of fog.
     0 | D:1      | Reached XP level 1. HP: 20/20 MP: 1/1
   179 | D:1      | Reached XP level 2. HP: 22/26 MP: 2/2
   631 | D:1      | Reached XP level 3. HP: 24/31 MP: 3/3
   952 | D:2      | Found a runed translucent door.
   953 | D:2      | Noticed Crazy Yiuf
  1296 | D:2      | Noticed Terence
  1313 | D:1      | Slain by Terence

Illustrated notes

Levels and vault maps discovered:
D:1:      minmay_arrival_nine_rooms, layout_loops_ring, minmay_surrounded
D:2:      layout_basic, basic_ecumenical_altar, chequers_serial_rivers_micro_e,
          uniq_natasha, uniq_crazy_yiuf_cottage, uniq_terence

Skill      XL: | |
---------------+-+-----
Armour         | | 10.4
Fighting       | |  4.5
Short Blades   | |  0.7
Long Blades    | |  2.6
Axes           | |  0.7
Maces & Flails | |  0.7
Polearms       | |  4.5
Staves         | |  0.7
Ranged Weapons | |  0.7
Throwing       | |  0.7
Dodging        | |  0.7
Stealth        | |  0.7
Shields        | |  0.7
Unarmed Combat | |  0.7
Spellcasting   | |  0.7
Conjurations   | |  0.5
Hexes          | |  0.5
Summonings     | |  0.5
Necromancy     | |  0.5
Translocations | |  0.5
Transmutations | |  0.5
Fire Magic     | |  0.5
Ice Magic      | |  0.5
Air Magic      | |  0.5
Earth Magic    | |  0.5
Poison Magic   | |  0.5
Invocations    | |  0.9
Evocations     | |  0.7

Action                     || total
---------------------------++-------
  Melee: Trident           ||   110
         Bite              ||     9
         Punch             ||     1
 Armour: Scale mail        ||    42
  Dodge: Dodged            ||    52

Table legend: (Time is in decaauts)
 A = Elapsed time spent in this place.
 B = Non-inter-level travel time spent in this place.
 C = Inter-level travel time spent in this place.
 D = Time resting spent in this place.
 E = Time spent auto-exploring this place.
 F = Levels seen in this place.
 G = Mean time per level.
                   A        B        C        D        E       F      G
               +--------+--------+--------+--------+--------+-----+--------+
         Total |   1321 |   1282 |     39 |      0 |   1046 |   2 |  660.5 |
       Dungeon |   1321 |   1282 |     39 |      0 |   1046 |   2 |  660.5 |
               +--------+--------+--------+--------+--------+-----+--------+

Top non-repeatable levels by time:
     D:1: 913 daAuts
     D:2: 407 daAuts
